 Dungeon Crawl Stone Soup version 0.32-a0-747-gc8563f6773 (webtiles) character file.

Game seed: 5203088702603193406

2638 cforsyth the Chopper (level 9, -1/118 HPs)
             Began as a Mountain Dwarf Cinder Acolyte on Mar 17, 2024.
             Was a High Priest of Ignis.
             Slain by a phantom (2 damage)
             ... on level 6 of the Dungeon.
             The game lasted 00:10:58 (8671 turns).

cforsyth the Chopper (MDCA)                         Turns: 8671, Time: 00:10:58

Health: -1/118     AC: 24    Str: 20    XL:     9   Next: 35%
Magic:  5/16       EV:  2    Int: 16    God:    Ignis [*****.]
Gold:   218        SH:  0    Dex:  5    Spells: 15/17 levels left

rFire   + + .        x - +0 hand axe (elec)
rCold   + . .        (no shield)
rNeg    . . .        v - melded +0 plate armour
rPois   +            s - melded +0 helmet
rElec   .            (cloak currently unavailable)
rCorr   .            d - melded +0 pair of gloves
SInv    .            (boots currently unavailable)
Will    .....        (no amulet)
Stlth   +            F - ring of protection from fire
HPRegen 0.39/turn    C - ring of protection from cold
MPRegen 0.15/turn

%: no passive effects
@: mighty, lethally poisoned (-1 -> -26), tree-form
A: stationary, stasis, torment immunity, boosted hp, runic magic, artefact
enchanting
a: Renounce Religion, Fiery Armour, Foxfire Swarm, Rising Flame


You were on level 6 of the Dungeon.
You worshipped Ignis.
Ignis was extremely pleased with you.
You were a tree.
You visited 1 branch of the dungeon, and saw 7 of its levels.

You collected 377 gold pieces.
You spent 159 gold pieces at shops.


Innate Abilities, Weirdness & Mutations

You are a tree.
Your roots penetrate the ground, keeping you stationary.
You cannot be teleported.
You are immune to unholy pain and torment.
Your maximum health is greatly increased.
Your equipment is partially melded.
Your spellcasting is much less encumbered by armour.
You can use scrolls of enchantment on lesser artefacts.


   Skills:
 + Level 7.1 Fighting
 + Level 7.7 Axes
 + Level 6.1 Armour
 + Level 4.7 Spellcasting
 + Level 7.7 Fire Magic


You had 15 spell levels left.
You knew the following spells:

 Your Spells              Type           Power      Damage    Failure   Level
X - Scorch                Fire           56%        2d7       1%          2

Your spell library contained the following spells:

 Spells                   Type           Power      Damage    Failure   Level
 Freeze                   Ice            12%        1d3       16%         1
 Sticky Flame             Fire/Alch      16%        2d5       32%         4
 Frozen Ramparts          Ice            6%         1d1       43%         3
 Hailstorm                Conj/Ice       3%         3d5       43%         3
 Mephitic Cloud           Conj/Alch/Air  3%         N/A       43%         3
 Dimensional Bullseye     Hex/Tloc       1%         N/A       83%         4
 Passage of Golubria      Tloc           3%         N/A       83%         4
 Silence                  Hex/Air        1%         N/A       99%         5
 Eringya's Noxious Bog    Alch           1%         4d6       100%        6
 Lehudib's Crystal Spear  Conj/Erth      1%         10d2      100%        8
 Chain Lightning          Conj/Air       1%         3d2       100%        9
 Fire Storm               Conj/Fire      8%         8d2       100%        9
 Shatter                  Erth           1%         3d6*      100%        9

Inventory:

Hand Weapons
 a - a -1 hand axe of flaming
 x - a +0 hand axe of electrocution (weapon)
Armour
 b - a +0 robe
 d - a +0 pair of gloves (melded)
 s - a +0 helmet (melded)
 v - a +0 plate armour (melded)
Magical Staves
 i - a staff of cold {!a}
 y - a staff of conjuration {!a}
 A - a staff of air {!a}
 E - a staff of alchemy {!a}
Jewellery
 f - a ring of protection from fire
 C - a ring of protection from cold (right branch)
 F - a ring of protection from fire (left branch)
Wands
 w - a wand of flame (19)
 K - a wand of light (7)
Scrolls
 c - 2 scrolls of fog {unknown}
 e - 10 scrolls of identify {unknown}
 j - 4 scrolls of teleportation {@r2}
 k - a scroll of noise {unknown}
 m - 3 scrolls of vulnerability {unknown}
 n - 2 scrolls of immolation {unknown}
 o - a scroll of enchant weapon {unknown}
 q - a scroll of silence {unknown}
 t - a scroll of poison {unknown}
 D - 3 scrolls of enchant armour {unknown}
 H - a scroll of brand weapon {unknown}
 I - a scroll of summoning {unknown}
 J - 2 scrolls of amnesia {unknown}
Potions
 g - a potion of heal wounds {unknown}
 h - 2 potions of might
 l - 3 potions of brilliance {unknown}
 p - a potion of resistance {unknown}
 r - a potion of invisibility {unknown}
 u - 3 potions of curing {unknown}
 z - 2 potions of lignification
 B - a potion of cancellation {unknown}
 G - a potion of degeneration {unknown}
 L - a potion of haste {unknown}

Dungeon Overview and Level Annotations

Branches:
Dungeon (7/15)             Temple (0/1) D:6

Altars:
Elyvilon
Fedhas
Gozag
Kikubaaqudgha
Makhleb
Okawaru
Ru
Vehumet
Wu Jian

Shops:
D:3 *   D:5 *   D:7 (

Annotations:
D:6 Prince Ribbit

##..###.....░..
########.####.....░░░
##.#.##.....##.....░..
##.....#.....#......░░░
##...§.................#
##...>..##.............##
#.....y.##...............
##....y.W.#..............
#......♣.##.............
##....##................
#....#.#.#..............
#....#...##.............
##......###.............
##.......#..............
#........#..............
#...#.#..##.........[...
#...###.....##..........


You could see a phantom (combustible) and 2 killer bees.


Message History

* * * LOW HITPOINT WARNING * * *
You are more poisoned.
The killer bee poisons you! The killer bee completely misses you.
The phantom hits you but does no damage.
Unknown command.
It was a potion of might.
You feel very mighty all of a sudden.
* * * LOW HITPOINT WARNING * * *
You feel extremely sick. The killer bee barely misses you.
The killer bee stings you but does no damage.
The killer bee barely misses you. The killer bee stings you.
* * * LOW HITPOINT WARNING * * *
You are more poisoned.
The killer bee poisons you! The phantom hits you.
* * * LOW HITPOINT WARNING * * *
The phantom blinks!
You blink.
Unknown command.
Unknown command.
Unknown command.
It was a potion of lignification.
You turn into a tree.
Your +0 helmet melds into your body.
Your +0 pair of gloves melds into your body.
Your +0 plate armour melds into your body.
Your roots penetrate the ground.
You feel strangely stable.
* * * LOW HITPOINT WARNING * * *
You feel extremely sick. The phantom hits you.
You die...
Ignis goes out, and joins you in death.

Skill      XL: |  1  2  3  4  5  6  7  8  9 |
---------------+----------------------------+-----
Armour         | 1 2 3 4 5 6 |  6.1
Axes           | 4 5 6 7 |  7.7
Fire Magic     | 4 5 6 7 |  7.7
Fighting       | 4 5 6 7 |  7.1
Spellcasting   | 2 3 4 |  4.7

Action                     |  1- 3 |  4- 6 |  7- 9 || total
---------------------------+-------+-------+-------++-------
  Melee: Hand axe          |    42 |    62 |    83 ||   187
   Cast: Scorch            |    18 |    57 |   179 ||   254
    Use: Potion            |       |       |     2 ||     2
         Scroll            |       |       |     1 ||     1
 Armour: Robe              |    32 |    34 |       ||    66
         Plate armour      |       |    42 |   267 ||   309
         Skin              |       |       |     1 ||     1
  Dodge: Dodged            |    23 |    32 |    81 ||   136

Levels and vault maps discovered:
D:1:      wander_arrival_lonely_grave, layout_basic
D:2:      layout_basic
D:3:      layout_loops_ring, mainiacjoe_overflow_concentric_impassable,
          mainiacjoe_overflow_boulevard, serial_shops,
          nicolae_shop_hallway_plus, minmay_close_crescents
D:4:      layout_loops_ring, general_overflow_altar, vehumet_altar_wand_db,
          dreamdust_princess_corridor, uniq_edmund
D:5:      layout_basic, serial_shops, nicolae_stop_n_shop_2
D:6:      layout_cave_pools, nicolae_gozag_cash_rules_everything_around_me,
          kennysheep_mini_moat, lemuel_mausoleum_altar_kikubaaqudgha,
          nicolae_overflow_hidden_temple, minmay_temple_entry_glassed_door,
          uniq_prince_ribbit1
D:7:      layout_cave_pools, trog_three_pillars_becter, lemuel_tele_altar,
          serial_shops, shop

Notes
Turn   | Place    | Note
-------+----------+-------------------------------------------
     0 | D:1      | cforsyth the Mountain Dwarf Cinder Acolyte began the quest
                  | for the Orb.
     0 | D:1      | Reached XP level 1. HP: 19/19 MP: 2/2
    89 | D:1      | Got the Directory of Reconfigured Obstruction
   341 | D:1      | Reached XP level 2. HP: 26/26 MP: 3/3
   916 | D:1      | Learned a level 2 spell: Scorch
   968 | D:2      | Reached skill level 1 in Armour
  1001 | D:2      | Reached skill level 4 in Axes
  1001 | D:2      | Reached skill level 4 in Fire Magic
  1001 | D:2      | Reached XP level 3. HP: 31/31 MP: 0/5
  1820 | D:3      | Reached XP level 4. HP: 37/40 MP: 1/6
  1998 | D:3      | Reached skill level 4 in Fighting
  2064 | D:3      | Found Huoghou's Assorted Antiques.
  2079 | D:3      | Bought a metallic blue potion for 18 gold pieces
  2079 | D:3      | Bought a scroll labelled MUGAYRGHOEBLAC for 21 gold pieces
  2079 | D:3      | Bought a scroll labelled JUPPOO IHEKAO for 21 gold pieces
  2079 | D:3      | Bought an inky potion for 18 gold pieces
  2079 | D:3      | Bought a scroll labelled KEILOLL OFAESK for 21 gold pieces
  2216 | D:3      | Reached skill level 2 in Armour
  2264 | D:3      | Found a white marble altar of Elyvilon.
  2275 | D:3      | Reached XP level 5. HP: 43/46 MP: 0/7
  2295 | D:3      | Reached skill level 2 in Spellcasting
  2767 | D:3      | Found a sacrificial altar of Ru.
  3122 | D:4      | Found a radiant altar of Vehumet.
  3590 | D:4      | Noticed Edmund
  3875 | D:4      | Killed Edmund
  3876 | D:4      | Reached XP level 6. HP: 44/53 MP: 0/9
  3975 | D:4      | Reached skill level 5 in Axes
  3975 | D:4      | Reached skill level 3 in Armour
  3975 | D:4      | Reached skill level 5 in Fire Magic
  4203 | D:4      | Found an iron altar of Okawaru.
  4227 | D:5      | Entered Level 5 of the Dungeon
  4417 | D:5      | Found Juecuito's Assorted Antiques.
  4423 | D:5      | Bought 3 scrolls labelled BULUFY VYITOEL for 60 gold pieces
  4729 | D:4      | Reached XP level 7. HP: 54/60 MP: 4/11
  4793 | D:4      | Reached skill level 5 in Fighting
  4916 | D:5      | Reached skill level 3 in Spellcasting
  5211 | D:5      | Reached skill level 4 in Armour
  5483 | D:5      | Reached skill level 6 in Axes
  5483 | D:5      | Reached skill level 6 in Fire Magic
  5861 | D:5      | Reached XP level 8. HP: 60/69 MP: 6/13
  6314 | D:6      | Reached skill level 6 in Fighting
  6585 | D:6      | Found an opulent altar of Gozag.
  6709 | D:6      | Reached skill level 5 in Armour
  6757 | D:6      | Reached skill level 4 in Spellcasting
  7093 | D:6      | Reached skill level 7 in Axes
  7165 | D:6      | Reached skill level 7 in Fire Magic
  7205 | D:6      | Found an ancient bone altar of Kikubaaqudgha.
  7503 | D:6      | Reached XP level 9. HP: 68/78 MP: 6/15
  7902 | D:5      | Reached skill level 7 in Fighting
  7985 | D:6      | Reached skill level 6 in Armour
  8092 | D:6      | Found a blossoming altar of Fedhas.
  8191 | D:6      | Found a staircase to the Ecumenical Temple.
  8248 | D:6      | Found a burning altar of Makhleb.
  8249 | D:6      | Noticed Prince Ribbit
  8250 | D:6      | Found an ornate altar of the Wu Jian Council.
  8295 | D:7      | Found Tor Jaimm's Weapon Shop.
  8670 | D:6      | HP: 6/79 [killer bee (3)]
  8671 | D:6      | HP: 1/118 [poisoned by a killer bee]
  8671 | D:6      | Slain by a phantom

Vanquished Creatures
  Edmund (D:4)
  A water moccasin (D:6)
  An orc warrior (D:6)
  A hornet zombie (D:6)
  A black bear (D:4)
  An ice beast (D:6)
  2 ogres
  A phantom (D:5)
  3 scorpions
  A bullfrog (D:6)
  4 wights
  A burial acolyte (D:6)
  A wyvern skeleton (D:6)
  A water moccasin skeleton (D:6)
  A killer bee (D:6)
  A howler monkey (D:5)
  3 bombardier beetles
  A human zombie (D:6)
  A bullfrog zombie (D:6)
  2 centaur zombies (D:6)
  A gnoll bouda (D:5)
  3 hounds
  2 jellies
  4 orc priests
  A bullfrog skeleton (D:6)
  3 iguanas
  8 orc wizards
  A killer bee zombie (D:6)
  2 howler monkey zombies (D:6)
  8 gnolls
  8 adders
  2 ufetubi (D:6)
  2 dart slugs (D:1)
  2 ribbon worms
  33 orcs
  7 bats
  3 endoplasms
  9 goblins
  3 hobgoblins
  3 jackals (D:3)
  6 kobolds
  2 quokkas
  3 ball pythons
  4 frilled lizards
  3 rats
152 creatures vanquished.

Table legend: (Time is in decaauts)
 A = Elapsed time spent in this place.
 B = Non-inter-level travel time spent in this place.
 C = Inter-level travel time spent in this place.
 D = Time resting spent in this place.
 E = Time spent auto-exploring this place.
 F = Levels seen in this place.
 G = Mean time per level.
                   A        B        C        D        E       F      G
               +--------+--------+--------+--------+--------+-----+--------+
         Total |   8692 |   8507 |    185 |   1229 |   6141 |   7 | 1241.7 |
       Dungeon |   8692 |   8507 |    185 |   1229 |   6141 |   7 | 1241.7 |
               +--------+--------+--------+--------+--------+-----+--------+

Top non-repeatable levels by time:
     D:6: 2090 daAuts
     D:5: 1780 daAuts
     D:4: 1452 daAuts
     D:3: 1451 daAuts
     D:1: 932 daAuts
     D:2: 793 daAuts
     D:7: 191 daAuts

Table legend:
 A = Non-vault XP
 B = Vault XP
 C = Vault XP percentage of total XP
 D = Non-vault monster count
 E = Vault monster count
 F = Vault count percentage of total count
                 A         B        C        D         E       F
            +---------+---------+-------+---------+---------+-------
      Total |    2988 |     781 |  20.7 |     132 |      20 |  13.2
            +---------+---------+-------+---------+---------+-------
        D:1 |      23 |       0 |   0.0 |      11 |       0 |   0.0
        D:2 |      69 |       0 |   0.0 |      14 |       0 |   0.0
        D:3 |     141 |       9 |   6.0 |      18 |       6 |  25.0
        D:4 |     282 |     156 |  35.6 |      21 |       2 |   8.7
        D:5 |     985 |       0 |   0.0 |      28 |       0 |   0.0
        D:6 |    1397 |     616 |  30.6 |      31 |      12 |  27.9
        D:7 |      91 |       0 |   0.0 |       9 |       0 |   0.0
            +---------+---------+-------+---------+---------+-------
